 Dungeon Crawl Stone Soup version 0.22-a0-430-g6609fc6 (webtiles) character file.

107 MisterFreud the Insei (level 4, -3/28 HPs)
             Began as an Octopode Transmuter on May 26, 2018.
             Splashed by a jelly's acid (10 damage)
             ... on level 2 of the Dungeon.
             The game lasted 00:03:35 (1858 turns).

MisterFreud the Insei (Octopode Transmuter)         Turns: 1858, Time: 00:03:37

Health: -3/28      AC: -2    Str:  9    XL:     4   Next: 86%
Magic:  5/7        EV: 19    Int: 16    God:
Gold:   129        SH:  0    Dex: 17    Spells: 1/7 levels left

rFire    . . .     SeeInvis .     - Unarmed
rCold    . . .     Gourm    .   (shield currently unavailable)
rNeg     . . .     Faith    .   (helmet currently unavailable)
rPois    x         Spirit   .   (no amulet)
rElec    .         Reflect  .   (no ring)
rCorr    .         Harm     .   (no ring)
MR       .....                  (no ring)
Stlth    ++........             (no ring)
HPRegen  0.09/turn              (no ring)
MPRegen  0.10/turn              (no ring)
                                (no ring)
                                (no ring)

@: spider-form (expiring), corroded
A: tiny, almost no armour, stealthy swim, (amphibious), 8 rings, (constrict 8)
a: End Transformation


You were on level 2 of the Dungeon.
You were not hungry.
You were a venomous arachnid creature.
You visited 1 branch of the dungeon, and saw 2 of its levels.

You collected 129 gold pieces.

Inventory:

Missiles
 a - 57 arrows
 g - 53 sling bullets
 h - 62 stones (quivered)
Wands
 n - a wand of flame (32)
Scrolls
 b - 3 scrolls of identify {unknown}
 d - a scroll of immolation {unknown}
 e - 2 scrolls of fear {unknown}
 k - a scroll of amnesia {unknown}
 l - 2 scrolls of remove curse {unknown}
 p - 3 scrolls of teleportation {unknown}
 r - a scroll of fog {unknown}
Potions
 f - a potion of might {unknown}
 i - 4 potions of brilliance {unknown}
 j - a potion of resistance {unknown}
 m - a potion of flight {unknown}
 o - a potion of berserk rage {unknown}
 q - a potion of cancellation {unknown}
Comestibles
 c - 3 rations


   Skills:
 - Level 1.0 Fighting
 - Level 2.0 Dodging
 + Level 5.4 Unarmed Combat
 - Level 2.0 Spellcasting
 - Level 2.0 Transmutations


You had one spell level left.
You knew the following spells:

 Your Spells              Type           Power        Failure   Level  Hunger
a - Beastly Appendage     Tmut           #.....       22%         1    #......
b - Sticks to Snakes      Tmut           #.......     32%         2    ###....
c - Spider Form           Tmut/Pois      #.........   61%         3    ###....

Your spell library contained the following spells:

 Spells                   Type           Power        Failure   Level  Hunger
 Blade Hands              Tmut           #.........   98%         5    ######.
 Ice Form                 Ice/Tmut       #.......     92%         4    #####..


Dungeon Overview and Level Annotations

Branches:
Dungeon (2/15)

Altars:
Elyvilon
Hepliaklqana
Xom

Annotations:
D:2 1 runed door


Innate Abilities, Weirdness & Mutations

You cannot wear most types of armour.
You are very stealthy in the water. (Stealth+)
((You are amphibious.))
You can wear up to eight rings at the same time.
((You can use your tentacles to constrict eight enemies at once.))
((Your skin changes colour to match your surroundings (Stealth+).))
((Your rubbery body absorbs attacks. (AC +1, EV +1)))


Message History

You bite the ooze!
You kill the ooze!
You hit the jelly.
Your front legs burn!
The jelly is lightly wounded.
The jelly hits you. The acid corrodes you!
You are splashed with acid!
The acid burns!
You hit the jelly but do no damage.
Your front legs burn!
The jelly is lightly wounded.
The jelly closely misses you.
You are too injured to fight recklessly!
You are too injured to fight recklessly!
You hit the jelly.
Your front legs burn!
The jelly is moderately wounded.
You hit the jelly.
Your front legs burn!
* * * LOW HITPOINT WARNING * * *
The jelly is heavily wounded.
The jelly hits you.
* * * LOW HITPOINT WARNING * * *
You are splashed with acid!
The acid burns!
You die...

.......)# ##...## #.# ..†.###'##
#.....# #.# .##.##...# #######
#.# .##.#..### ### #.##
.##...#########.##.÷...$# #..#
.##...###....#.#.#JP÷..P######...
......##.....#.#.#JJ...÷##.......
.##...'......#'#.#PJ.P÷P######...
.###..'........#s#JJ÷...# #..# ##
##.'........#J#.P.P..# #.##
#.##.......#J#.J÷÷..# #.#
#####......##JPP÷P..# ###.##
##########...J..# #....# ########
####### #.#..# #......##
########## #.#... #.......##
#..##..#.# #..... #........###
#........# #.##..


You could see 2 jellies and an ooze.

Vanquished Creatures
  3 gnolls
  An adder (D:2)
  5 oozes
  A dart slug (D:2)
  3 giant cockroaches (D:2)
  5 hobgoblins
  2 jackals (D:1)
  4 bats
  4 frilled lizards
  7 goblins
  9 kobolds
  5 rats
49 creatures vanquished.

Vanquished Creatures (others)
  2 fungi (D:2)
  6 toadstools (D:2)
8 creatures vanquished.

Grand Total: 57 creatures vanquished

Notes
Turn   | Place    | Note
-------+----------+-------------------------------------------
     0 | D:1      | MisterFreud the Octopode Transmuter began the quest for the Orb.
     0 | D:1      | Reached XP level 1. HP: 13/13 MP: 3/3
   134 | D:1      | Reached XP level 2. HP: 18/18 MP: 5/5
   531 | D:1      | Reached skill level 4 in Unarmed Combat
   639 | D:1      | Reached XP level 3. HP: 11/23 MP: 6/6
   974 | D:2      | Found a white marble altar of Elyvilon.
  1099 | D:2      | Found a shimmering altar of Xom.
  1129 | D:2      | Found a runed door.
  1483 | D:2      | Found a faded altar of an unknown god.
  1518 | D:2      | Learned a level 2 spell: Sticks to Snakes
  1522 | D:2      | Learned a level 3 spell: Spider Form
  1528 | D:2      | Reached XP level 4. HP: 28/28 MP: 3/7
  1607 | D:2      | Found a hazy altar of Hepliaklqana.
  1644 | D:2      | Reached skill level 5 in Unarmed Combat
  1858 | D:2      | Splashed by a jelly's acid

Vault maps used:
D:1:      mrwooster_arrival_statue
D:2:      cheibrodos_fertilizer, xom_butterflies, lemuel_doored_altar,
          elyvilon_altar_4, chequers_ecumenical_altar_simple,
          uniq_crazy_yiuf_cottage

Skill      XL: |  1  2  3  4 |
---------------+-------------+-----
Unarmed Combat | 4 5 |  5.4
Fighting       | |  1.0
Dodging        | |  2.0
Spellcasting   | |  2.0
Transmutations | |  2.0

Action                   |  1- 3 |  4- 6 || total
-------------------------+-------+-------++-------
Melee: Unarmed           |    79 |    35 ||   114
       Constrict         |    18 |     5 ||    23
       Tentacles         |     9 |       ||     9
       Punch             |       |     3 ||     3
 Cast: Spider Form       |     1 |     1 ||     2
       Beastly Appendage |     1 |       ||     1
Evoke: Wand              |     1 |       ||     1
 Stab: Sleeping          |     2 |     1 ||     3
  Eat: Chunk             |     2 |     1 ||     3
Armor: Skin              |     2 |     3 ||     5
Dodge: Dodged            |    50 |    15 ||    65

Table legend:
 A = Spawn XP
 B = Non-spawn XP
 C = Spawn XP percentage of total XP
 D = Spawn monster count
 E = Non-spawn monster count
 F = Spawn count percentage of total count
 G = Total turns spent on level
                    A         B        C        D         E        F      G
               +---------+---------+-------+---------+---------+-------+---------
         Total |       0 |     154 |   0.0 |       0 |      49 |   0.0 |  1858
               +---------+---------+-------+---------+---------+-------+---------
           D:1 |       0 |      50 |   0.0 |       0 |      21 |   0.0 |   998
           D:2 |       0 |     104 |   0.0 |       0 |      28 |   0.0 |   860
               +---------+---------+-------+---------+---------+-------+---------
